 Dungeon Crawl Stone Soup version 0.18.1-5-g4a78601 (webtiles) character file.

338 MDvedh the Cudgeler (level 6, -5/37 HPs)
             Began as a Gargoyle Fighter on May 9, 2016.
             Killed by divine providence
             ... invoked by an orc priest
              (17 damage)
             ... on level 4 of the Dungeon.
             The game lasted 00:07:00 (4106 turns).

MDvedh the Cudgeler (Gargoyle Fighter)              Turns: 4106, Time: 00:07:01

Health: -5/37      AC: 15    Str: 23    XL:     6   Next: 55%
Magic:  6/6        EV:  2    Int:  9    God:
Gold:   239        SH:  9    Dex:  9    Spells: 0 memorised, 5 levels left

rFire  . . .     SeeInvis .     a - +0 flail
rCold  . . .     Gourm    .     b - +0 scale mail
rNeg   + . .     Faith    .     c - +0 shield
rPois  ∞         Spirit   .     o - +1 helmet
rElec  +         Dismiss  .     (no cloak)
rCorr  .         Reflect  .     (no gloves)
SustAt .         Harm     .     (no boots)
MR     .....                    (no amulet)
Stlth  ..........               s - +2 ring of strength
                                v - +2 ring of protection

@: not resistant to hostile enchantments, extremely unstealthy
A: negative energy resistance 1, electricity resistance, unbreathing,
petrification resistance, rot immunity, AC +4
a: no special abilities


You were on level 4 of the Dungeon.
You were not hungry.

You visited 1 branch of the dungeon, and saw 4 of its levels.

You collected 239 gold pieces.

Inventory:

Hand Weapons
 a - a +0 flail (weapon)
Armour
 b - a +0 scale mail (worn)
 c - a +0 shield (worn)
 o - a +1 helmet (worn)
Jewellery
 s - a +2 ring of strength (right hand)
 v - a +2 ring of protection (left hand)
Scrolls
 g - a scroll of enchant armour
 j - 3 scrolls of identify
 n - 2 scrolls of magic mapping
 x - a scroll of fog {unknown}
Potions
 t - a potion of haste
 u - a potion of resistance
 w - a potion of flight
Books
 l - a book of Transfigurations

   Spells                             Type                      Level
   a - Irradiate                      Conjuration/Transmutation    5
   b - Statue Form                    Transmutation/Earth          6
   c - Hydra Form                     Transmutation                6
   d - Dragon Form                    Transmutation                7
Comestibles
 f - 4 bread rations
 h - 2 fruits
 i - 3 meat rations
 z - 4 chunks of flesh


   Skills:
 - Level 3.2 Fighting
 + Level 6.7 Maces & Flails
 - Level 3.2 Armour
 - Level 3.2 Shields


You had 5 spell levels left.
You didn't know any spells.

Dungeon Overview and Level Annotations

Branches:
Dungeon (4/15)
 Temple: D:4-7

Altars:
Elyvilon
Ru


Innate Abilities, Weirdness & Mutations

You are resistant to torment.
Your stone body is resilient (AC +4).
You are immune to poison.
You resist negative energy.
You are resistant to electric shocks.
You can survive without breathing.
You are immune to petrification.
You are immune to rotting.


Message History

2 orcs and a skeleton come into view.
Your surroundings suddenly seem different.
The orc shouts!
Unknown command.
An orc comes into view. It is wielding a trident.
The orc shouts!
The orc completely misses you. You block the orc's attack.
The orc completely misses you. The orc hits you but does no damage.
Found a chain mail.
Found 21 stones.
Found a scroll of remove curse.
Found a potion of might.
The orc shouts!
You feel a little less mighty now.
There is a stone staircase leading up here.
The orc priest mumbles some strange prayers to Beogh against you.
Beogh smites you!
You die...

#.§# *#.##.........# *#.##.#.
##.##*..##.........## #....#. #
#..##..........###.# #....#. ###
#.).....#....##* #.####...##.
..####...####....## ##.##....##.
.......W## #.....#####o.........
.######.# *#..#....o.o.........
## #.# #...#...###.....#.## #
#.######..@.o###*##....#... #
#.W>.##......#**#......#.## ##
##....................#.#.# .#
#.....................###.##
.#####..###..........#.....o.....
.>##....# ##...###...........####
.......##* #..## #....##........#
.....#...#*#..# ##...###........#
...##.........###.....##....#...#


You could see an orc priest and 3 orcs.

Vanquished Creatures
  2 orc priests (D:4)
  An orc wizard (D:4)
  Terence (D:3)
  A worker ant (D:4)
  Robin (D:2)
  3 gnolls (D:3)
  5 adders
  An ooze (D:1)
  3 worms
  5 dart slugs
  8 orcs
  3 giant cockroaches
  19 goblins
  8 hobgoblins
  4 jackals (D:1)
  7 kobolds
  A quokka (D:2)
  3 bats
  3 giant newts
  A quokka zombie (D:4)
  8 rats
88 creatures vanquished.

Vanquished Creatures (others)
  A rat (D:3)
1 creature vanquished.

Grand Total: 89 creatures vanquished

Notes
Turn   | Place    | Note
--------------------------------------------------------------
     0 | D:1      | MDvedh the Gargoyle Fighter began the quest for the Orb.
     0 | D:1      | Reached XP level 1. HP: 14/14 MP: 1/1
   127 | D:1      | Reached XP level 2. HP: 15/19 MP: 2/2
   262 | D:1      | Reached skill level 3 in Maces & Flails
   626 | D:1      | Reached XP level 3. HP: 23/23 MP: 3/3
  1468 | D:2      | Reached skill level 4 in Maces & Flails
  1468 | D:2      | Reached XP level 4. HP: 24/28 MP: 4/4
  1966 | D:2      | Noticed Robin
  2014 | D:2      | Killed Robin
  2154 | D:2      | Found a sacrificial altar of Ru.
  2276 | D:3      | Reached skill level 5 in Maces & Flails
  2276 | D:3      | Reached XP level 5. HP: 32/32 MP: 5/5
  2533 | D:3      | Noticed Terence
  2547 | D:3      | Killed Terence
  2869 | D:3      | Found a white marble altar of Elyvilon.
  3673 | D:4      | Noticed a phantom
  3886 | D:4      | Reached skill level 6 in Maces & Flails
  3886 | D:4      | Reached XP level 6. HP: 23/37 MP: 6/6
  4106 | D:4      | Killed from afar by an orc priest

Skill      XL: |  1  2  3  4  5 |
---------------+----------------+-----
Maces & Flails | 3 4 5 6 |  6.7
Fighting       | |  3.2
Armour         | |  3.2
Shields        | |  3.2

Action                   |  1- 3 |  4- 6 || total
-------------------------+-------+-------++-------
Melee: Flail             |   112 |   288 ||   400
  Use: Potion            |       |     2 ||     2
       Scroll            |       |    12 ||    12
  Eat: Chunk             |     2 |     7 ||     9
       Pizza             |       |     1 ||     1
Armor: Scale mail        |    42 |   157 ||   199
Dodge: Dodged            |    38 |   103 ||   141
Block: Shield            |    56 |   167 ||   223
